 Dungeon Crawl Stone Soup version 0.28.0-53-g5a82cb258f (webtiles) character file.

Game seed: 16639949060974462865

781 concernfroge the Magician (level 7, -2/54 HPs)
             Began as a Deep Elf Conjurer on July 11, 2022.
             Was a Follower of Sif Muna.
             Engulfed by a cloud of flame (4 damage)
             ... on level 5 of the Dungeon.
             The game lasted 00:24:18 (4375 turns).

concernfroge the Magician (Deep Elf Conjurer)       Turns: 4375, Time: 00:24:18

Health: -2/54      AC: 23    Str:  4    XL:     7   Next: 55%
Magic:  10/19      EV:  2    Int: 25    God:    Sif Muna [*.....]
Gold:   161        SH:  0    Dex: 13    Spells: 5/19 levels left

rFire   + . .      SeeInvis .   p - staff of death
rCold   + . .      Faith    .   (no shield)
rNeg    + . .      Spirit   .   (armour currently unavailable)
rPois   +          Reflect  .   (helmet currently unavailable)
rElec   +          Harm     .   (cloak currently unavailable)
rCorr   +          Rampage  .   (gloves currently unavailable)
Will    +....      NoTele   +   (boots currently unavailable)
Stlth   ++........              (no amulet)
HPRegen 0.18/turn               e - ring of flight
MPRegen 0.16/turn               (no ring)

@: tree-form, resistant
A: stationary, stasis, torment immunity, boosted hp, (antennae 1), strong-willed
1
a: Renounce Religion, Channel Magic


You were on level 5 of the Dungeon.
You worshipped Sif Muna.
Sif Muna was aware of your devotion.
You were a tree.
You visited 2 branches of the dungeon, and saw 6 of its levels.

You collected 275 gold pieces.
You spent 114 gold pieces at shops.

Inventory:

Armour
 a - a +0 robe (melded)
 c - a +1 hat (melded)
Magical Staves
 p - a staff of death (weapon)
Jewellery
 e - a ring of flight (left branch)
Wands
 b - a wand of polymorph (7)
Scrolls
 j - a scroll of fear
Potions
 i - a potion of mutation
 k - a potion of degeneration
 o - a potion of lignification


   Skills:
 - Level 2.4 Dodging
 - Level 2.4 Stealth
 + Level 6.7 Spellcasting
 + Level 6.7 Conjurations
 + Level 5.1 Hexes
 + Level 3.4 Translocations


You had 5 spell levels left.
You knew the following spells:

 Your Spells              Type           Power      Damage    Failure   Level
a - Magic Dart            Conj           100%       1d8       1%          1
b - Searing Ray           Conj           84%        2d7       1%          2
c - Dazzling Flash        Conj/Hex       76%        N/A       1%          3
d - Fulminant Prism       Conj/Hex       19%        3d11      6%          4
e - Iskenderun's Mystic   Conj/Tloc      33%        2d8       9%          4

Your spell library contained the following spells:

 Spells                   Type           Power      Damage    Failure   Level
 Static Discharge         Conj/Air       25%        N/A       2%          2
 Freeze                   Ice            32%        1d5       7%          1
 Hailstorm                Conj/Ice       25%        3d7       17%         4
 Sticky Flame             Conj/Fire      25%        2d5       17%         4
 Frozen Ramparts          Ice            16%        1d3       21%         3
 Dispel Undead            Necr           12%        3d9       56%         4


Dungeon Overview and Level Annotations

Branches:
Dungeon (5/15)             Temple (1/1) D:4

Altars:
Ashenzari
Cheibriados
Fedhas
Gozag
Hepliaklqana
Makhleb
Okawaru
Ru
Sif Muna
Trog
Uskayaw
Vehumet
Wu Jian
Xom
Yredelemnul
Zin
The Shining One

Shops:
D:4 ?


Innate Abilities, Weirdness & Mutations

You are a tree.
Your roots penetrate the ground, keeping you stationary.
You cannot be teleported.
You are immune to unholy pain and torment.
Your maximum health is greatly increased.
Your equipment is partially melded.
((You have a pair of small antennae on your head.))
You are strong-willed. (Will+)


Message History

The ice beast hits you but does no damage.
Duvessa hits you but does no damage.
As you read the scroll labelled WIYFUEMAET, it crumbles to dust.
You assume a fearsome visage.
Duvessa is unaffected.
The ice beast looks frightened!
It was a scroll of fear.
Duvessa hits you with a +0 short sword!
* * * LOW HITPOINT WARNING * * *
You are confused.
You feel invigorated. Duvessa hits you with a +0 short sword.
* * * LOW HITPOINT WARNING * * *
Duvessa hits you with a +0 short sword.
* * * LOW HITPOINT WARNING * * *
You are too confused!
You feel better.
You feel less invigorated. Duvessa hits you but does no damage.
You feel better. Duvessa hits you with a +0 short sword!
Duvessa barely misses you.
Okay, then.
You feel protected. Duvessa hits you with a +0 short sword!
* * * LOW HITPOINT WARNING * * *
Casting: Iskenderun's Mystic Blast (dangerous; 10% risk of failure)
Confirm with . or Enter, or press ? or * to list all spells.
You erupt in a blast of force!
The mystic blast hits Duvessa!
Sif Muna accepts your kill.
Duvessa explodes!
The fiery explosion engulfs you. You resist.
* * * LOW HITPOINT WARNING * * *
You are engulfed in blazing flames.
You resist.
* * * LOW HITPOINT WARNING * * *
Your Hexes skill increases to level 5!
You are engulfed in blazing flames.
You resist.
You are engulfed in blazing flames.
You resist.
* * * LOW HITPOINT WARNING * * *
You are engulfed in blazing flames.
You resist.
* * * LOW HITPOINT WARNING * * *
Okay, then.
Okay, then.
You are engulfed in blazing flames.
You resist.
You die...

..#..##
......
.###..#
.....# ##
#### #)...
.### #...##
...###
#....#
.....##
#.... .
#.....##
#§§###....
###....##
#§§§......
###...##
#♣######..
##...### #.#
##....###
#.#
##.....###.#
##........#
###......#
###...##
#### # ####
##### #..##
###..##
##...#


There were no monsters in sight!

Vanquished Creatures
  A steam dragon (D:5)
  Duvessa (D:5)
  2 necrophages (D:5)
  A bullfrog (D:4)
  A scorpion (D:5)
  A bullfrog zombie (D:4)
  A jelly (D:5)
  An iguana (D:5)
  An orc wizard (D:4)
  A hound skeleton (D:5)
  5 adders
  3 worms
  A dart slug (D:1)
  2 orcs
  7 endoplasms
  4 giant cockroaches
  10 hobgoblins
  6 kobolds
  3 quokkas
  4 ball pythons
  10 bats
  4 frilled lizards
  2 goblins
  10 rats
82 creatures vanquished.

Vanquished Creatures (others)
  9 fulminant prisms
  A plant (D:1)
10 creatures vanquished.

Grand Total: 92 creatures vanquished

Notes
Turn   | Place    | Note
-------+----------+-------------------------------------------
     0 | D:1      | concernfroge the Deep Elf Conjurer began the quest for the
                  | Orb.
     0 | D:1      | Reached XP level 1. HP: 10/10 MP: 6/6
   380 | D:1      | Found a faded altar of an unknown god.
   381 | D:1      | Noticed a floating eye
   388 | D:1      | Noticed an eye of devastation
   412 | D:1      | Noticed a floating eye
   417 | D:1      | Noticed a shining eye
   428 | D:1      | Reached XP level 2. HP: 15/15 MP: 6/8
   431 | D:1      | Learned a level 2 spell: Searing Ray
   892 | D:1      | Reached skill level 5 in Conjurations
   919 | D:1      | Reached XP level 3. HP: 19/19 MP: 8/10
   923 | D:1      | Learned a level 3 spell: Dazzling Flash
  1977 | D:3      | Noticed a scorpion
  2049 | D:3      | Noticed a bullfrog
  2059 | D:4      | Gained mutation: You have a pair of small antennae on your
                  | head. [potion of mutation]
  2059 | D:4      | Gained mutation: You are strong-willed. (Will+) [potion of
                  | mutation]
  2229 | D:4      | Reached skill level 1 in Hexes
  2295 | D:4      | Found Wacoes's Magic Scroll Boutique.
  2298 | D:4      | Bought a scroll of summoning for 114 gold pieces
  2306 | D:4      | Killed a bullfrog
  2307 | D:4      | Reached XP level 4. HP: 24/24 MP: 7/12
  2412 | D:4      | Found a staircase to the Ecumenical Temple.
  2431 | D:4      | Reached skill level 5 in Spellcasting
  2431 | D:4      | Reached XP level 5. HP: 20/28 MP: 4/14
  2436 | D:4      | Learned a level 4 spell: Fulminant Prism
  2441 | D:4      | Learned a level 4 spell: Iskenderun's Mystic Blast
  2446 | Temple   | Entered the Ecumenical Temple
  2687 | Temple   | Became a worshipper of Sif Muna the Loreminder
  2719 | D:4      | Noticed a black bear
  3311 | D:3      | Found a broken altar of Ashenzari.
  3427 | D:3      | Noticed a black bear
  3501 | D:4      | Noticed an orc warrior
  3512 | D:4      | Reached skill level 1 in Translocations
  3724 | D:5      | Entered Level 5 of the Dungeon
  3914 | D:5      | Noticed an ogre
  3915 | D:5      | an ogre changed into a jelly
  3964 | D:5      | Reached XP level 6. HP: 32/32 MP: 9/16
  4002 | D:5      | Reached * piety under Sif Muna
  4346 | D:5      | Reached XP level 7. HP: 36/36 MP: 11/18
  4347 | D:5      | Noticed Dowan
  4348 | D:5      | Noticed Duvessa
  4350 | D:5      | Noticed Dowan
  4350 | D:5      | Dowan changed into Dowan the ball python
  4350 | D:5      | Killed Dowan the ball python
  4351 | D:5      | Noticed a steam dragon
  4351 | D:5      | a scorpion changed into a steam dragon
  4360 | D:5      | Killed a steam dragon
  4371 | D:5      | Killed Duvessa
  4372 | D:5      | Reached skill level 5 in Hexes
  4374 | D:5      | HP: 2/54 [cloud of flame (1)]
  4375 | D:5      | Engulfed by a cloud of flame

Illustrated notes

Levels and vault maps discovered:
D:1:      lightli_arrival_statuegarden, layout_basic,
          hellmonk_ecumenical_altar_watching_god
D:2:      layout_basic
D:3:      layout_rooms, mainiacjoe_overflow_brackets, minmay_misc_feat_chi,
          grunt_ministairs_11, kennysheep_generic_room_9
D:4:      layout_cave_pools, minmay_temple_entry_statues, serial_shops,
          kennysheep_mini, corexii_leaking_fountain,
          chequers_serial_rivers_micro_d
D:5:      layout_cave_pods, serial_park_tiny_2, eino_curves_01, uniq_duvessa,
          uniq_grinder
Temple:   eino_temple_rhombus

Skill      XL: |  1  2  3  4  5  6  7 |
---------------+----------------------+-----
Spellcasting   | 4 5 6 |  6.7
Conjurations   | 5 6 |  6.7
Hexes          | 2 3 4 5 |  5.1
Translocations | 1 2 3 |  3.4
Dodging        | |  2.4
Stealth        | |  2.4

Action                   |  1- 3 |  4- 6 |  7- 9 || total
-------------------------+-------+-------+-------++-------
Melee: Unarmed           |     2 |       |       ||     2
 Cast: Magic Dart        |    69 |    86 |       ||   155
       Searing Ray       |     1 |     7 |     1 ||     9
       Fulminant Prism   |       |     8 |     1 ||     9
       Iskenderun's Myst |       |       |     2 ||     2
Evoke: Wand              |       |     1 |     3 ||     4
  Use: Potion            |     5 |       |     5 ||    10
       Scroll            |     4 |     3 |     6 ||    13
Armor: Robe              |     9 |     4 |     2 ||    15
       Skin              |       |       |     9 ||     9
Dodge: Dodged            |    24 |     4 |     3 ||    31
